 Dungeon Crawl Stone Soup version 0.26.0-20-g3ca415f5b8 (webtiles) character file.

Game seed: 15031670810174332766

401 kaeus the Changer (level 6, -6/51 HPs)
             Began as a Draconian Transmuter on Jan 25, 2021.
             Mangled by an ogre
             ... wielding a +0 giant club
              (30 damage)
             ... on level 4 of the Dungeon.
             The game lasted 00:04:48 (5531 turns).

kaeus the Changer (Draconian Transmuter)            Turns: 5531, Time: 00:04:49

Health: -6/51      AC:  6    Str: 13    XL:     6   Next: 54%
Magic:  10/10      EV: 12    Int: 15    God:
Gold:   71         SH:  4    Dex: 11    Spells: 5/11 levels left

rFire    . . .     SeeInvis .     - Unarmed
rCold    . . .     Faith    .   m - +0 buckler
rNeg     . . .     Spirit   .   (armour unavailable)
rPois    .         Reflect  .   (helmet currently unavailable)
rElec    .         Harm     .   (no cloak)
rCorr    .         Rampage  .   (no gloves)
Will     .....                  (boots currently unavailable)
Stlth    +.........             (no amulet)
HPRegen  0.17/turn              (no ring)
MPRegen  0.12/turn              (no ring)

@: appendages
A: unfitting armour, horns 2, talons 2, cold-blooded, AC +6
a: End Transformation


You were on level 4 of the Dungeon.
You had grown temporary horns.
You had grown temporary talons.
You visited 1 branch of the dungeon, and saw 4 of its levels.

You collected 71 gold pieces.

Inventory:

Armour
 m - a +0 buckler (worn)
Jewellery
 q - an uncursed amulet of reflection {unknown}
 r - an uncursed ring of see invisible {unknown}
Wands
 s - a wand of iceblast (13)
Scrolls
 a - 2 scrolls of enchant armour {unknown}
 b - 4 scrolls of identify {unknown}
 d - a scroll of enchant weapon {unknown}
 f - a scroll of random uselessness {unknown}
 g - 5 scrolls of teleportation {unknown}
 j - 3 scrolls of remove curse {unknown}
 t - a scroll of fog {unknown}
Potions
 c - a potion of berserk rage {unknown}
 e - 6 potions of might {unknown}
 h - a potion of degeneration {unknown}
 i - 2 potions of flight {unknown}
 k - a potion of attraction {unknown}
 l - a potion of cancellation {unknown}
 n - a potion of heal wounds {unknown}
 o - 2 potions of mutation {unknown}
 p - 3 potions of curing {unknown}


   Skills:
 + Level 3.0 Fighting
 + Level 2.9 Dodging
 + Level 1.9 Shields
 + Level 3.9 Unarmed Combat
 + Level 3.1 Spellcasting
 * Level 4.1 Transmutations


You had 5 spell levels left.
You knew the following spells:

 Your Spells              Type           Power        Failure   Level
a - Beastly Appendage     Tmut           28%          4%          1
b - Blade Hands           Tmut           7%           78%         5

Your spell library contained the following spells:

 Spells                   Type           Power        Failure   Level
 Wereblood                Tmut           14%          7%          2
 Spider Form              Tmut/Pois      4%           32%         3
 Ice Form                 Ice/Tmut       8%           71%         4


Dungeon Overview and Level Annotations

Branches:
Dungeon (4/15)
 Temple: D:4-7

Altars:


Innate Abilities, Weirdness & Mutations

Your plain brown scales are hard. (AC +6)
You cannot fit into any form of body armour.
You are cold-blooded and may be slowed by cold attacks.
You have a pair of horns on your head.
You have razor-sharp toenails.


Message History

The ogre closely misses you.
You hit the ogre. You claw the ogre, but do no damage. You tail-slap the ogre.
The ogre is heavily wounded.
The ogre hits you with a +0 giant club!
You take 14 damage, and have 35/51 hp.
MASSIVE DAMAGE!!
You barely miss the ogre. You claw the ogre!
The ogre is severely wounded.
You hit the ogre. Your kick misses the ogre. You tail-slap the ogre.
The ogre is almost dead.
The ogre hits you with a +0 giant club!
You take 12 damage, and have 23/51 hp.
MASSIVE DAMAGE!!
You hit the ogre but do no damage.
The ogre is almost dead.
The worker ant waves its antennae.
The ogre misses you.
You barely miss the ogre.
The ogre is almost dead.
The ogre hits you with a +0 giant club!!
Ouch! That really hurt!
You die...

.. ... # #.# .# .(. #.#
.## ..... #.# ... #.#.#
#.####.# #.#># ##.##...#
#.#.# #.####.BO@.# #.#.#
#.......##...#
#>#.########.#####.#
##.#..........# ... ###
...(..........######....
..#
##.#########.........###
#.# ##.# #########.# #.#
...# #.# #.# ## #### #.#
#.# #.


You could see an ogre and a worker ant.

Vanquished Creatures
  Menkaure (D:4)
  2 worker ants (D:4)
  8 adders
  4 gnolls
  2 oozes (D:3)
  A worm (D:2)
  3 dart slugs
  3 leopard geckos
  9 orcs
  5 ball pythons
  12 bats
  6 giant cockroaches
  7 goblins
  5 hobgoblins
  5 jackals
  2 quokkas
  8 frilled lizards
  7 kobolds
  13 rats
103 creatures vanquished.

Notes
Turn   | Place    | Note
-------+----------+-------------------------------------------
     0 | D:1      | kaeus the Draconian Transmuter began the quest for the Orb.
     0 | D:1      | Reached XP level 1. HP: 16/16 MP: 3/3
   335 | D:1      | Reached XP level 2. HP: 21/23 MP: 3/5
   781 | D:1      | Reached XP level 3. HP: 29/29 MP: 4/6
  2327 | D:2      | Reached XP level 4. HP: 36/36 MP: 7/7
  2562 | D:3      | Reached skill level 3 in Transmutations
  3142 | D:2      | Reached XP level 5. HP: 36/41 MP: 6/8
  3475 | D:3      | Reached skill level 1 in Shields
  4911 | D:3      | Learned a level 5 spell: Blade Hands
  5222 | D:4      | Reached XP level 6. HP: 50/50 MP: 8/10
  5516 | D:4      | Noticed Menkaure
  5522 | D:4      | Killed Menkaure
  5523 | D:4      | Reached skill level 4 in Transmutations
  5531 | D:4      | Mangled by an ogre

Illustrated notes

Levels and vault maps discovered:
D:1:      lightli_arrival_flooded_house, layout_basic
D:2:      minmay_razor_zed, layout_basic
D:3:      layout_loops_ring
D:4:      layout_loops_ring, uniq_menkaure

Skill      XL: |  1  2  3  4  5  6 |
---------------+-------------------+-----
Dodging        | 2 |  2.9
Fighting       | 2 3 |  3.0
Transmutations | 3 4 |  4.1
Shields        | 1 |  1.9
Spellcasting   | 3 |  3.1
Unarmed Combat | |  3.9

Action                   |  1- 3 |  4- 6 || total
-------------------------+-------+-------++-------
Melee: Unarmed           |   145 |   192 ||   337
       Kick              |    16 |    34 ||    50
       Tailslap          |     7 |    15 ||    22
       Headbutt          |     7 |    20 ||    27
 Cast: Beastly Appendage |    25 |    37 ||    62
 Stab: Sleeping          |     3 |       ||     3
Armor: Skin              |    43 |    69 ||   112
Dodge: Dodged            |   120 |   154 ||   274
Block: Buckler           |     6 |    34 ||    40
